 Dungeon Crawl Stone Soup version 0.32-a0-999-gfa1cc04b1d (webtiles) character file.

Game seed: 10298450467731763381

107 Cancer the Sneak (level 4, -4/31 HPs)
             Began as an Octopode Delver on Apr 24, 2024.
             Slain by a black bear (7 damage)
             ... on level 4 of the Dungeon.
             The game lasted 00:05:53 (1019 turns).

Cancer the Sneak (Octopode Delver)                  Turns: 1019, Time: 00:05:53

Health: -4/31      AC:  1    Str: 19    XL:     4   Next: 85%
Magic:  4/4        EV: 12    Int: 12    God:
Gold:   106        SH:  0    Dex: 13    Spells: 3/3 levels left

rFire   . .          .
                       - Unarmed
rCold   . . .        (no shield)
rNeg    . . .        (helmet currently unavailable)
rPois   .            (no amulet)
rElec   .            i - +6 ring of strength
rCorr   .            (no ring)
SInv    .            (no ring)
Will    .....        (no ring)
Stlth   +++++        (no ring)
HPRegen 0.25/turn    (no ring)
MPRegen 0.09/turn    (no ring)
                     (no ring)

%: no passive effects
@: beast-form
A: beast (slay +0), almost no armour, amphibious, 8 rings, camouflage 1,
gelatinous body 1, nimble swimmer 1, tentacles
a: Begin Untransformation


You were on level 4 of the Dungeon.
You were a hulking beast.
You visited 1 branch of the dungeon, and saw 3 of its levels.

You collected 106 gold pieces.

Inventory:

Jewellery
 i - a +6 ring of strength (left tentacle)
Talismans
 f - a beast talisman (active)
Wands
 e - a wand of digging (3)
Scrolls
 a - 2 scrolls of fog
 b - a scroll of revelation
 c - a scroll of fear
 g - 2 scrolls of identify {unknown}
Potions
 d - a potion of haste
 h - a potion of mutation {unknown}
 j - a potion of might {unknown}


   Skills:
 - Level 3.0 Fighting
 - Level 2.0 Dodging
 - Level 6.6 Stealth
 + Level 4.6 Unarmed Combat
 - Level 1.0 Shapeshifting


You had 3 spell levels left.
You didn't know any spells.
Your spell library contained the following spells:

 Spells                   Type           Power      Damage    Failure   Level
 Foxfire                  Conj/Fire      0%         2x1d4     32%         1
 Plasma Beam              Fire/Air       0%         2x1d10    100%        6
 Starburst                Conj/Fire      0%         6d3       100%        6


Dungeon Overview and Level Annotations

Branches:
Dungeon (6/15)             Temple (0/1) D:5

Altars:

Annotations:
D:6 2 transporters


Innate Abilities, Weirdness & Mutations

You are a hulking beast.
Your limbs bulge with bestial killing power. (Slay +0)
You cannot wear most types of armour.
You are amphibious.
You can wear up to eight rings at the same time.
Your skin changes colour to match your surroundings (Stealth+).
Your rubbery body absorbs attacks. (AC +1, EV +1)
You are camouflaged when in or above water. (Stealth+)
You have tentacles for arms and can constrict up to eight enemies at once.


Message History

g - 2 scrolls labelled JEPHIJ LUKU (gained 1)
You open the door.
There is an open door here.
You open the door.
There is an open door here.
Found a sling.
Found a transporter.
Found a dagger, a leather armour and 10 gold pieces.
Found 13 gold pieces.
There is a transporter landing site here.
Found an escape hatch in the floor.
Found a stone staircase leading up.
There is an escape hatch in the floor here.
There is a stone staircase leading up here.
You climb upwards.
There is a stone staircase leading down here.
The iguana hisses angrily.
There is a stone staircase leading up here.
Unknown command.
Unknown command.
You climb upwards.
The ogre hits you with a +0 giant club!!
Ouch! That really hurt!
The jackal barks!
There is a stone staircase leading down, spattered with blood here.
Unknown command.
The black bear growls angrily.
The jackal bites you.
* * * LOW HITPOINT WARNING * * *
The jackal stops to sniff the ground.
The jackal barely misses you. The jackal bites you.
* * * LOW HITPOINT WARNING * * *
The jackal closely misses you. The black bear barely misses you.
The black bear claws you.
* * * LOW HITPOINT WARNING * * *
The black bear claws you but does no damage.
The ogre attacks as it pursues you! The ogre barely misses you.
You enter the deep water.
The jackal closely misses you.
The black bear attacks as it pursues you!
The black bear bites you!
You die...

................#
#...............#
#...............#
#...............#
#...............#
#...............#
#>.O.........h..#
##.hhh..≈....>.#
.####.≈h...≈.....##
#.......~≈.#~≈≈.####
######.##~≈....≈~..##
##.######≈≈#...# #
###≈≈≈###..# #≈≈≈###
### #####


You could see a black bear, an ogre and 2 jackals.

Vanquished Creatures
  A sleepcap (D:6)
  2 iguanas (D:6)
  2 adders
  A shadow imp (D:6)
  An orc (D:6)
  A jackal (D:5)
8 creatures vanquished.

Notes
Turn   | Place    | Note
-------+----------+-------------------------------------------
     0 | D:5      | Cancer the Octopode Delver began the quest for the Orb.
     0 | D:5      | Reached XP level 1. HP: 16/16 MP: 1/1
     1 | D:5      | Noticed a jelly
    41 | D:5      | Reached XP level 2. HP: 21/21 MP: 2/2
   215 | D:5      | Found a staircase to the Ecumenical Temple.
   436 | D:4      | Noticed an ogre
   452 | D:4      | Noticed a black bear
   728 | D:6      | Reached skill level 1 in Shapeshifting
   728 | D:6      | Reached XP level 3. HP: 21/26 MP: 3/3
   821 | D:6      | Found a transporter.
   829 | D:6      | Reached XP level 4. HP: 31/31 MP: 4/4
   972 | D:6      | Found a transporter.
  1019 | D:4      | Slain by a black bear

Illustrated notes

Levels and vault maps discovered:
D:4:      layout_rooms, nemelex_diamond_rough_becter,
          nicolae_elyvilon_peaceful_grove, mainiacjoe_overflow_brackets,
          nicolae_tso_besieged_by_evil, chequers_serial_rivers_small_b
D:5:      layout_cave_pods, minmay_temple_entry_glass
D:6:      gammafunk_cloud_chamber, layout_gridville, nicolae_uskayaw_en_pointe,
          hangedman_abyss_or_decor_passed, kb_lookout_dungeons_type

Skill      XL: |  1  2  3 |
---------------+----------+-----
Unarmed Combat | 3 4 |  4.6
Shapeshifting  | 1 |  1.0
Fighting       | |  3.0
Dodging        | |  2.0
Stealth        | |  6.6

Action                     |  1- 3 |  4- 6 || total
---------------------------+-------+-------++-------
  Melee: Unarmed           |    16 |     4 ||    20
         Constrict         |     7 |     2 ||     9
         Tentacles         |     3 |     2 ||     5
         Punch             |     1 |       ||     1
   Stab: Sleeping          |     3 |       ||     3
 Armour: Skin              |     4 |     9 ||    13
  Dodge: Dodged            |     8 |     6 ||    14
   Form: Beast             |     1 |       ||     1

Table legend: (Time is in decaauts)
 A = Elapsed time spent in this place.
 B = Non-inter-level travel time spent in this place.
 C = Inter-level travel time spent in this place.
 D = Time resting spent in this place.
 E = Time spent auto-exploring this place.
 F = Levels seen in this place.
 G = Mean time per level.
                   A        B        C        D        E       F      G
               +--------+--------+--------+--------+--------+-----+--------+
         Total |   1019 |   1015 |      4 |     45 |    204 |   3 |  339.7 |
       Dungeon |   1019 |   1015 |      4 |     45 |    204 |   3 |  339.7 |
               +--------+--------+--------+--------+--------+-----+--------+

Top non-repeatable levels by time:
     D:6: 530 daAuts
     D:5: 462 daAuts
     D:4: 26 daAuts
